 Dungeon Crawl Stone Soup version 0.15-a0-357-gf0ffff9 (webtiles) character file.

822 Infinimo the Grappler (level 7, -2/57 HPs)
             Began as a Minotaur Monk on May 3, 2014.
             Slain by an orc warrior
             ... wielding a +0,+0 flail
              (12 damage)
             ... on Level 6 of the Dungeon.
             The game lasted 00:07:46 (4405 turns).

Infinimo the Grappler (Minotaur Monk)               Turns: 4405, Time: 00:07:47

HP  -2/57        AC  9     Str 18      XL: 7   Next: 25%
MP   3/3         EV  7     Int  5 (7)  God:
Gold 187         SH  0     Dex 12      Spells:  0 memorised,  6 levels left

rFire  . . .     SeeInvis +       - Unarmed
rCold  + . .     Clarity  +     q - +0 chain mail
rNeg   . . .     Conserve .     (no shield)
rPois  .         rCorr    .     (helmet restricted)
rElec  .         rRot     .     (no cloak)
SustAb . .       Spirit   .     (no gloves)
rMut   .         Warding  .     (no boots)
Saprov . . .     Stasis   .     s - amulet of clarity
MR     .....                    o - ring of protection from cold
                                e - ring of see invisible

@: heavily drained, not resistant to hostile enchantments, extremely unstealthy
A: retaliatory headbutt, horns 2
a: no special abilities


You were on level 6 of the Dungeon.
You were not hungry.

You visited 1 branch of the dungeon, and saw 6 of its levels.

You collected 187 gold pieces.

Inventory:

Armour
 q - a +0 chain mail (worn)
Magical devices
 t - a wand of draining (8)
Comestibles
 b - 5 bread rations
 c - a lemon
 h - a chunk of worm flesh
 j - 2 apples
 k - a meat ration
Scrolls
 a - a scroll of fog
 f - 2 scrolls of fear
 i - 2 scrolls of identify
 l - 4 scrolls of magic mapping
Jewellery
 e - a ring of see invisible (left hand)
 o - a ring of protection from cold (right hand)
 s - an amulet of clarity (around neck)
 u - the ring "Cuem" {Ice Str+3 Dex+4, unknown}
   (You found it on level 5 of the Dungeon)

   [ring of ice]

   It enhances your ice magic, and weakens your fire magic.
   It affects your strength (+3).
   It affects your dexterity (+4).
   It makes you vulnerable to fire.
   It protects you from cold.
Potions
 d - 2 potions of curing
 g - a potion of restore abilities
 n - a potion of heal wounds
 p - a potion of invisibility


   Skills:
 - Level 3.6(2.4) Fighting
 + Level 5.0(3.7) Armour
 - Level 3.2(2.0) Dodging
 - Level 1.5(0.3) Stealth
 * Level 8.4(7.0) Unarmed Combat


You had 6 spell levels left.
You didn't know any spells.

Dungeon Overview and Level Annotations

Branches:
Dungeon (6/15)
 Temple: D:4-7

Altars:
Nemelex Xobeh
Sif Muna

Annotations:
D:3 ThirdFlower's ghost, average TrMo


Innate Abilities, Weirdness & Mutations

You reflexively headbutt those who attack you in melee.
You have a pair of horns on your head.


Message History

You headbutt the orc warrior!
The orc warrior is moderately wounded.
The orc warrior is moderately wounded.
The orc hits you with a flail!
The orc warrior is moderately wounded.
The orc warrior hits you with a flail!
The orc warrior is heavily wounded.
The orc hits you with a flail. The orc warrior hits you with a flail.
You are too injured to fight recklessly!
You are too injured to fight recklessly!
You are too injured to fight recklessly!
The orc hits you with a flail.
An adder comes into view.
The adder moves out of view.
The orc warrior is heavily wounded.
The orc warrior is heavily wounded.
The orc warrior hits you with a flail!
* * * LOW HITPOINT WARNING * * *
The orc warrior hits you with a flail!
You die...

#... ..# #.#.#####$# #..#
#.# #.#).....># #>.# #.#
#.##...[..#
#..###.###....$....#
#..##.#.##..#.....##
#..#.###.#.......>#
#.########...##
##o..#.#.###
#.##..........###o####.....
#.##.#####.#.#.#@## ###.###
#.##.# #.#.##.## .# #.##.#
#.#.##.# ..
#.##.#####.#.##S#
..#........#.##.
#.#..#######.##. .....#
#...% .##.## .. .##.# #


You could see an orc warrior, an adder and an orc.

Vanquished Creatures
  2 ogres
  The ghost of marcus the Changer, an average NaTm (D:4)
  2 hounds
  4 orc wizards
  Natasha (twice) (D:3)
  9 adders
  3 gnolls
  4 worms
  An adder skeleton (D:4)
  An ooze (D:5)
  9 orcs
  A ball python (D:5)
  6 bats
  A bat skeleton (D:4)
  6 giant cockroaches
  11 goblins
  8 hobgoblins
  5 kobolds
  A quokka (D:3)
  5 giant newts
  4 jackals (D:3)
  A quokka skeleton (D:5)
  10 rats
97 creatures vanquished.

Notes
Turn   | Place    | Note
--------------------------------------------------------------
     0 | D:1      | Infinimo, the Minotaur Monk, began the quest for the Orb.
     0 | D:1      | Reached XP level 1. HP: 19/19 MP: 1/1
   276 | D:1      | Reached XP level 2. HP: 26/26 MP: 1/1
   817 | D:2      | Reached skill level 1 in Armour
   864 | D:2      | Reached skill level 5 in Unarmed Combat
   942 | D:2      | Reached XP level 3. HP: 29/31 MP: 2/2
  1505 | D:3      | Found a deep blue altar of Sif Muna.
  1517 | D:3      | Reached XP level 4. HP: 36/39 MP: 2/2
  1676 | D:3      | Found a sparkling altar of Nemelex Xobeh.
  1701 | D:3      | Noticed Natasha
  1707 | D:3      | Killed Natasha
  1707 | D:3      | Reached skill level 6 in Unarmed Combat
  2012 | D:3      | Reached XP level 5. HP: 43/45 MP: 2/2
  2268 | D:3      | Noticed ThirdFlower's ghost (average TrMo)
  2363 | D:4      | Noticed marcus' ghost (average NaTm)
  2417 | D:4      | Killed marcus' ghost
  2890 | D:3      | Noticed Natasha
  2898 | D:3      | Killed Natasha
  3089 | D:3      | Noticed an ogre
  3103 | D:3      | Killed an ogre
  3103 | D:3      | Reached skill level 7 in Unarmed Combat
  3103 | D:3      | Reached XP level 6. HP: 51/51 MP: 3/3
  3611 | D:5      | Entered Level 5 of the Dungeon
  3776 | D:5      | Reached skill level 8 in Unarmed Combat
  3907 | D:5      | Reached XP level 7. HP: 52/57 MP: 3/3
  3933 | D:5      | Found a sparkling altar of Nemelex Xobeh.
  3971 | D:5      | Got a heavily runed golden ring
  4349 | D:6      | Reached skill level 5 in Armour
  4405 | D:6      | Slain by an orc warrior

Action                   |  1- 3 |  4- 6 |  7- 9 || total
-------------------------+-------+-------+-------++-------
Melee: Unarmed           |    83 |   175 |    41 ||   299
Evoke: Wand              |       |       |     1 ||     1
  Use: Potion            |     5 |     2 |     1 ||     8
       Scroll            |     8 |     4 |     1 ||    13
 Stab: Sleeping          |       |     2 |       ||     2
